[Event "40th Cappelle Open 2024"]
[Site "Cappelle-la-Grande"]
[Date "2024.03.02"]
[Round "1.10"]
[White "Cappon, John"]
[Black "Lamard, Guillaume"]
[Result "1/2-1/2"]
[ECO "B12"]
[WhiteElo "2072"]
[BlackElo "2483"]
[Annotator "TA"]
[PlyCount "75"]
[EventDate "2024.03.02"]
[EventType "swiss"]
[EventCountry "FRA"]
[SourceTitle "playchess.com"]
[Source "ChessBase"]
[SourceQuality "1"]
[TimeControl "40/5400+30:1800+30"]

1. e4 c6 2. d4 d5 3. e5 Bf5 4. Nd2 e6 5. Nb3 Nd7 6. Nf3 h6 7. Be3 Ne7 8. Be2 Bh7 {[%emt 0:01:29] The position is equal.} 9. O-O Nf5 10. Bd2 Be7 11. g4 Nh4 12. Nxh4 Bxh4 13. f4 a5 14. a4 Qb6 15. Be3 f5 (15... Be7 $11 {keeps the balance.}) 16. exf6 ({Better is} 16. Kh1 $16) 16... gxf6 $14 17. Bd3 {[%emt 0:05:17] With the idea Bxh7.} Bxd3 18. Qxd3 Rg8 {[%emt 0:01:55] Repels Qg6+} 19. Kh1 {[%emt 0:04:46] Black must now prevent Bd2.} Qc7 $2 {[%emt 0:11:26] [#] Black cannot hold the game after this.} (19... Rxg4 $2 20. Qe2 h5 21. h3 $18) ({Black should play} 19... Qa6 $1 $14) 20. Rg1 (20. Bd2 $1 $18 {is the precise move to win.}) 20... e5 (20... O-O-O $16 {is a better defense.} 21. Raf1 Qd6) 21. Qf5 $18 O-O-O {[%emt 0:01:33] [#]} 22. Raf1 $1 Qb6 23. Bd2 (23. fxe5 fxe5 24. Bxh6 Be7 25. dxe5 c5) 23... exf4 (23... Qa6 {was necessary.} 24. Qh5 (24. dxe5 fxe5 25. Nc5 Qe2 $14) (24. Bxa5 b6 $18) (24. fxe5 fxe5 25. Nc5 Qe2 $18) 24... Bg3 25. fxe5 (25. hxg3 e4 $18) 25... fxe5 26. hxg3 Qc4 27. dxe5 (27. Bxa5 Rde8 $18) (27. Bxh6 Qxc2 28. dxe5 Rde8 $18) 27... Qxc2) 24. Bxa5 Qa6 25. Bxd8 (25. Rxf4 b6 $18) 25... Rxd8 26. Nc5 (26. Rxf4 Kb8 27. Qe6 Qc4 $18) (26. Qxf4 Qe2 27. Rg2 (27. Qxh6 Bf2 $18) 27... Qc4 $18) 26... Qc4 27. Rxf4 (27. Qxf4 Nxc5 28. dxc5 Qxc2 29. Qf5+ (29. Qxh6 Bg5 $14) 29... Qxf5 30. gxf5 (30. Rxf5 Re8 $18) 30... Bg5 $18) 27... b6 28. b3 Qe2 29. Qd3 Re8 30. Nxd7 Kxd7 31. Qf5+ Kc7 32. Rff1 Re7 33. Qf4+ Kb7 34. Rg2 ({Weaker is} 34. Qxh6 Bf2 35. Qxf6 Bxg1 36. Rxg1 Qe4+ 37. Rg2 Qe1+ 38. Rg1 Qe4+ 39. Rg2 Qe1+ 40. Rg1 Qe4+ $11) 34... Qe4 35. Qxe4 ({Don't take} 35. Qxh6 Bg5 36. Qf8 Kc7 $18) 35... Rxe4 36. Rd1 Ka6 37. b4 Be1 38. Rb1 {[%emt 0:06:44] Weighted Error Value: White=0.20 (precise) /Black=0.35.  Loses game:     	---       	Black=1      Mistake:       	White=3     	Black=3      Inaccurate:     	White=2     	Black=2      OK:         	White=18    	Black=13     Best:        	White=1     	Black=1} (38. Rd3 $18) 1/2-1/2

[Event "40th Cappelle Open 2024"]
[Site "Cappelle-la-Grande"]
[Date "2024.03.02"]
[Round "1.11"]
[White "Vlachos, Anatole"]
[Black "Nakahara, Kan"]
[Result "1-0"]
[ECO "C11"]
[WhiteElo "2479"]
[BlackElo "2072"]
[Annotator "TA"]
[PlyCount "71"]
[EventDate "2024.03.02"]
[EventType "swiss"]
[EventCountry "FRA"]
[SourceTitle "playchess.com"]
[Source "ChessBase"]
[SourceQuality "1"]
[TimeControl "40/5400+30:1800+30"]

1. e4 e6 2. d4 d5 3. Nc3 Nf6 4. e5 Nfd7 5. f4 c5 6. Nf3 Nc6 7. Be3 Qb6 8. Na4 Qa5+ 9. c3 cxd4 10. b4 Qc7 11. Nxd4 a6 12. Bd3 ({Better is} 12. Qd2 $14) 12... Nxd4 (12... b5 $15 13. Nb2 Ncxe5 14. fxe5 Qxc3+ 15. Qd2 Bxb4) 13. Bxd4 $16 Be7 14. O-O {[%emt 0:06:52][%cal Bh1f1,Bf1f3,Bf3h3][%mdl 32] White is better.} O-O 15. Rf3 {[%emt 0:01:47] White is more active.} f5 16. Rh3 g6 {[%emt 0:04:53] Prevents Qh5.} 17. g4 {[%emt 0:00:28] Black must now prevent gxf5.} a5 $2 (17... Qc6 $16) 18. gxf5 $18 exf5 19. Qb3 {[%emt 0:01:47] Prevents b5.} axb4 20. cxb4 ({Much less strong is} 20. Qxd5+ $6 Kh8 $18) 20... Qc6 21. b5 Qe6 22. Rc1 Bd8 23. b6 Be7 $2 (23... Rf7 {was called for.} 24. Bf1 Nf8) 24. Bf1 Nb8 25. Bg2 {[%emt 0:00:19] Black is weak on the dark squares} Rd8 26. Nc5 Qf7 {[%emt 0:09:54] [#]} (26... Bxc5 27. Rxc5 Nc6 28. Bxd5 (28. Rxd5 Re8 $18) 28... Rxd5 29. Rxd5 (29. Qxd5 Ra4 $18) 29... Ra4) 27. e6 $1 Bxe6 (27... Qf8 28. Nd7) 28. Nxe6 Qxe6 29. Re3 Qd6 {[%emt 0:01:42] [#]} 30. Rxe7 $1 Qxe7 (30... Nc6 31. Rg7+) 31. Bxd5+ {[%emt 0:00:06] White mates.} Kf8 32. Bc5 {[%emt 0:00:05] This pair of bishops is nice.} Rd6 33. Bxd6 Qxd6 34. Rc8+ Ke7 35. Qe3+ Kf6 36. Qd4+ {[%emt 0:00:07] Black got outplayed after the opening.   Weighted Error Value: White=0.15 (very precise) /Black=0.67.  Loses game:     	---       	Black=1      Mistake:       	---       	Black=3      Inaccurate:     	---       	Black=3      OK:         	White=9     	Black=8      Best:        	White=1     	---} 1-0

[Event "40th Cappelle Open 2024"]
[Site "Cappelle-la-Grande"]
[Date "2024.03.02"]
[Round "1.12"]
[White "Grooten, Tommy"]
[Black "Velten, Paul"]
[Result "0-1"]
[ECO "E20"]
[WhiteElo "2071"]
[BlackElo "2475"]
[Annotator "TA"]
[PlyCount "88"]
[EventDate "2024.03.02"]
[EventType "swiss"]
[EventCountry "FRA"]
[SourceTitle "playchess.com"]
[Source "ChessBase"]
[SourceQuality "1"]
[TimeControl "40/5400+30:1800+30"]

1. d4 Nf6 2. c4 e6 3. Nc3 Bb4 4. f3 d5 5. e3 c5 6. a3 Ba5 7. dxc5 Bxc3+ 8. bxc3 {[%emt 0:00:08] The position is equal.} Qa5 9. cxd5 $1 exd5 10. Ne2 O-O 11. Bd2 Qxc5 12. c4 Nc6 {[%emt 0:04:12] Prevents Bb4} (12... dxc4 $6 13. Bb4 Qc7 (13... Qxe3 14. Bxf8 Nc6 15. Qc1 $16) 14. Bxf8 Kxf8 15. Nd4 $14) 13. cxd5 Nxd5 14. e4 Nb6 (14... Ne3 15. Bxe3 Qxe3 16. Qc1 $11) (14... Ne3 {keeps more tension.} 15. Qc1 Nc2+ 16. Kd1 N6d4) 15. Qc1 Qe7 16. Be3 Be6 $36 {[%emt 0:03:29][%mdl 2048] White must now prevent ...Rac8. Black has the initiative.} 17. Qc5 Qf6 18. Rd1 (18. Qc3 $11) 18... Rac8 $15 {[%emt 0:01:36] [#] Strongly threatening ...Ne5.} 19. Qg5 Qb2 {[%emt 0:01:08] Threatens to win with ...Rfd8.} 20. Nd4 $2 {[%emt 0:05:28][%mdl 8192] Now White is beyond hope.} (20. Nf4 $17) 20... Rfd8 $19 (20... Qxa3 21. Nxe6 fxe6 22. Kf2 $15) 21. Rd2 Qa1+ ({Weaker is} 21... Qxa3 22. Nxe6 fxe6 23. Rxd8+ Rxd8 24. Kf2 $17) 22. Kf2 Nxd4 (22... Rxd4 23. Bxd4 Nxd4 24. Qe5 $19) 23. Rxd4 Rxd4 24. Be2 Qb2 ({Not} 24... Qxh1 25. Bxd4 f6 (25... Qxh2 26. Qxg7#) 26. Bxf6 $11) 25. Rb1 Qxb1 26. Bxd4 {[%emt 0:00:06][%csl Gd4][%cal Rg5g7] [#]} f6 $1 27. Bxf6 Rc7 {[%emt 0:00:23] And now ...Qc1 would win.} 28. Qe5 gxf6 29. Qxc7 Nd7 30. Qg3+ Kh8 31. h4 Qb6+ 32. Kf1 Qc5 33. a4 Qe5 34. Qe1 b6 35. Qb4 Nc5 {[%emt 0:00:32] Black is clearly winning.} 36. Bb5 Kg7 37. Kg1 h5 38. Qd2 Nb3 39. Qe3 Qc5 40. Kf2 a5 41. f4 Nd4 42. Be8 Bg4 43. e5 Nf5 44. Qxc5 bxc5 {[%emt 0:00:00] Weighted Error Value: White=0.32/Black=0.07 (flawless) .  Loses game:     	White=1     	---        Mistake:       	White=1     	---        Inaccurate:     	White=1     	---        OK:         	White=12    	Black=17     Best:        	White=3     	Black=2      Strong:       	White=1     	---        Brilliant:      	---       	Black=1} 0-1

[Event "40th Cappelle Open 2024"]
[Site "Cappelle-la-Grande"]
[Date "2024.03.02"]
[Round "1.13"]
[White "Panjwani, Raja"]
[Black "Uhoda, Philippe"]
[Result "1-0"]
[ECO "A49"]
[WhiteElo "2468"]
[BlackElo "2058"]
[Annotator "TA"]
[PlyCount "57"]
[EventDate "2024.03.02"]
[EventType "swiss"]
[EventCountry "FRA"]
[SourceTitle "playchess.com"]
[Source "ChessBase"]
[SourceQuality "1"]
[TimeControl "40/5400+30:1800+30"]

1. d4 Nf6 2. Nf3 g6 3. g3 Bg7 4. Bg2 d6 5. O-O O-O 6. Re1 c6 7. e4 a5 8. a4 Na6 9. c3 {[%emt 0:02:04] White is better.} Bd7 10. Nbd2 Qc7 11. e5 dxe5 12. Nxe5 Be6 13. Ndf3 Rad8 14. Qe2 Nd7 {[%emt 0:13:39] [#]} (14... Nd5 $14) 15. Bf4 ({White should try} 15. Ng5 $1 $18) 15... Nxe5 $14 16. Nxe5 Qc8 $1 17. h4 {[%emt 0:04:51] White is much more active.} Bd5 {[%emt 0:07:40] [#]} (17... Nc7 $14) 18. Bxd5 $1 $16 Rxd5 (18... cxd5 $16 19. Qb5 Rfe8 20. Qxa5 h6) 19. Nc4 $18 {[%emt 0:00:34][%cal Oc4b6] Threatens to win with Nb6!} Rf5 20. Bg5 f6 21. Bd2 Rh5 22. Qxe7 g5 {[%emt 0:06:21] Black is weak on the dark squares} (22... Rd8 $142 23. Nd6 Qd7 24. Nxb7 (24. Qxd8+ Qxd8 25. Re8+ Qxe8 $18) 24... Qxe7 25. Rxe7 Rb8) 23. Qe2 (23. Nxa5 gxh4 24. Nxb7 hxg3 25. Qe6+ (25. fxg3 Rh1+ 26. Kxh1 Qh3+ 27. Kg1 Qxg3+ 28. Kh1 Qh3+ 29. Kg1 Qg3+ 30. Kh1 Qh3+ 31. Kg1 Qg3+ $11) 25... Qxe6 26. Rxe6 gxf2+ 27. Kg2 (27. Kxf2 Rh2+ 28. Kf3 Rxd2 $11) 27... Rb8 $14) 23... g4 24. Qe7 {[%emt 0:04:20] Bf4 would now be deadly.} c5 $2 (24... Qc7 25. Bf4 Qxe7 26. Rxe7 Rf7) 25. d5 {[%emt 0:04:14] White is clearly winning.} Rf7 {[%emt 0:03:27] [#]} (25... Nc7 $142 26. Nd6 (26. Nxa5 Rf7 $18) (26. Qxc5 Nxd5 27. Qxc8 Rxc8 $18) (26. Nb6 Qd8 $18) 26... Qd8) 26. Qxf7+ $3 Kxf7 27. Nd6+ (27. Nxa5 $2 {loses.} c4 (27... Rxd5 $2 28. Nc4 $19) 28. b3 cxb3 $19 (28... Rxd5 $2 29. Nxc4 Rd3 30. Be3 $19)) 27... Kf8 28. Nxc8 Rxd5 29. Bf4 {[%emt 0:00:20] Weighted Error Value: White=0.35/Black=0.43.  Mistake:       	White=1     	Black=6      Inaccurate:     	White=2     	Black=2      OK:         	White=7     	Black=4      Best:        	White=1     	Black=2      Strong:       	---       	Black=1} 1-0

[Event "40th Cappelle Open 2024"]
[Site "Cappelle-la-Grande"]
[Date "2024.03.02"]
[Round "1.14"]
[White "Adda, Olivier"]
[Black "Roshka, Yevgeniy"]
[Result "0-1"]
[ECO "A42"]
[WhiteElo "2053"]
[BlackElo "2468"]
[Annotator "TA"]
[PlyCount "82"]
[EventDate "2024.03.02"]
[EventType "swiss"]
[EventCountry "FRA"]
[SourceTitle "playchess.com"]
[Source "ChessBase"]
[SourceQuality "1"]
[TimeControl "40/5400+30:1800+30"]

1. e4 g6 2. d4 Bg7 3. c4 d6 4. Nc3 e5 5. Nf3 Nc6 6. d5 Nce7 7. b4 f5 8. c5 (8. Bd3 $142) 8... Nf6 $11 9. Bb5+ {[%emt 0:06:30] The position is equal.} Kf8 (9... c6 $11 10. Ba4 dxc5 (10... Nxe4 11. Nxe4 fxe4 12. Ng5 $11) (10... fxe4 11. Ng5 $16)) 10. O-O $14 h6 11. a4 f4 (11... fxe4 $14 12. Nd2 Bf5) 12. Qb3 g5 13. Rd1 (13. h3 $16) 13... Ng6 14. Ba3 (14. h3 $142) 14... g4 $11 15. Nd2 Nh5 (15... f3 $11) 16. g3 (16. Bf1 $14) 16... Nf6 17. Bf1 h5 18. cxd6 cxd6 19. Nb5 Ne8 20. Nc4 Kg8 21. Nbxd6 Nxd6 $17 22. Nxd6 Qxd6 23. b5 Qf6 24. d6+ (24. Rac1 $15) 24... Be6 $19 25. Bc4 Bxc4 26. Qxc4+ Kh7 27. d7 Bf8 {[%emt 0:01:08] Inhibits Rd6.} 28. Qc7 Rd8 29. Qxb7 Bxa3 (29... fxg3 $19 30. hxg3 Qf3) 30. Rxa3 $17 Rhf8 (30... fxg3 $17 31. fxg3 Qe7) 31. Qxa7 $11 h4 32. Rad3 fxg3 33. fxg3 (33. hxg3 $11 {keeps the balance.} hxg3 34. fxg3) 33... h3 ({Black should try} 33... Qf7 $1 $17) 34. Qe3 {[%emt 0:00:41] Black must now prevent Rd6.} Rf7 $2 (34... Qe6 $11 {and Black stays safe.}) 35. Rd6 $1 $18 {[%emt 0:00:36][%mdl 1024] White has strong compensation.} Qe7 36. Qb6 $2 ({White has to play} 36. b6 $18 {aiming for b7.} Rf6 37. Rxf6 Qxf6 38. b7) 36... Nf8 $15 {[%emt 0:03:53][%cal Rd8d7] The board is on fire.} 37. Qe3 $2 ({White should play} 37. a5 $1 $15) 37... Ne6 $1 $19 (37... Rxd7 38. Qh6+ Kg8 39. b6 $17) 38. b6 (38. R6d5 {keeps fighting.} Nd4 39. R1xd4 exd4 40. Rh5+ Kg8 41. Qh6) 38... Rf3 $1 39. Qd2 {[%emt 0:01:07] [#]} Qf7 $1 {[%emt 0:01:32] Strongly threatening ...Rf8.} 40. b7 {[%emt 0:00:53] [#]} Rf8 $1 41. Qe1 Nd4 {[%emt 0:34:28] Never resign too early!   Weighted Error Value: White=0.64/Black=0.30.  Loses game:     	White=1     	Black=1      Missed win:     	White=1     	Black=1      Mistake:       	White=8     	Black=5      Inaccurate:     	White=2     	Black=1      OK:         	White=6     	Black=12     Best:        	---       	Black=6      Strong:       	White=1     	Black=3} 0-1

[Event "40th Cappelle Open 2024"]
[Site "Cappelle-la-Grande"]
[Date "2024.03.03"]
[Round "2.1"]
[White "Bournel, Antoine"]
[Black "Puranik, Abhimanyu"]
[Result "0-1"]
[ECO "E15"]
[WhiteElo "2332"]
[BlackElo "2618"]
[Annotator "TA"]
[PlyCount "48"]
[EventDate "2024.03.02"]
[EventType "swiss"]
[EventCountry "FRA"]
[SourceTitle "playchess.com"]
[Source "ChessBase"]
[SourceQuality "1"]
[TimeControl "40/5400+30:1800+30"]

1. d4 Nf6 2. c4 e6 3. Nf3 b6 4. g3 Ba6 5. b3 Bb4+ 6. Bd2 Be7 7. Nc3 d5 8. cxd5 exd5 9. Bg2 O-O 10. O-O Bb7 11. Qc2 Nbd7 12. Rad1 Re8 13. Bf4 a6 {[%emt 0:02:15] Repels Nb5. The position is equal.} 14. Ne5 Nf8 15. h4 Ne6 16. e3 Rc8 17. Bf3 Bd6 18. Kg2 (18. Bg5 $11 {remains equal.}) 18... c5 $17 19. dxc5 (19. Qd3 $17) 19... Nxc5 $19 {[%emt 0:06:07] Strongly threatening ...Nce4.} 20. Nc4 Bxf4 21. exf4 b5 22. Ne3 $2 (22. Qb2 bxc4 23. bxc4) 22... d4 {[%emt 0:03:19] [#] Threatens to win with ...Bxf3+. Black is clearly winning.} 23. Ne2 (23. Bxb7 $142 Nxb7 24. Rfe1) 23... Bxf3+ 24. Kxf3 Ncd7 {[%emt 0:01:39] Weighted Error Value: White=0.87/Black=0.07 (flawless) .  Mistake:       	White=4     	---        Inaccurate:     	White=1     	Black=1      OK:         	White=1     	Black=5      Best:        	White=1     	Black=2} 0-1

[Event "40th Cappelle Open 2024"]
[Site "Cappelle-la-Grande"]
[Date "2024.03.03"]
[Round "2.2"]
[White "Idani, Pouya"]
[Black "Bujisho, Benjamin"]
[Result "1/2-1/2"]
[ECO "B13"]
[WhiteElo "2609"]
[BlackElo "2339"]
[Annotator "RC"]
[PlyCount "175"]
[EventDate "2024.03.02"]
[EventType "swiss"]
[EventCountry "FRA"]
[SourceTitle "playchess.com"]
[Source "ChessBase"]
[SourceQuality "1"]
[TimeControl "40/5400+30:1800+30"]

1. e4 c6 2. d4 d5 3. exd5 cxd5 4. Bd3 Nc6 5. c3 Nf6 6. Bf4 g6 7. Nf3 Bg7 8. Nbd2 O-O 9. h3 Nd7 10. O-O e5 11. dxe5 Ndxe5 12. Nxe5 Nxe5 13. Bxe5 Bxe5 14. Nf3 Bg7 15. Qa4 Bd7 16. Bb5 Be6 17. Rad1 Qb6 18. Rd2 Rad8 19. Rfd1 Bh6 20. Re2 Bg7 21. Red2 Bh6 22. Rc2 Bg7 23. Nd4 Rd6 24. Be2 Rc8 25. Qb3 Qd8 26. Rcd2 Rb6 27. Qc2 Qg5 28. Kh1 h5 29. Bf1 Qf4 30. Nxe6 Rxe6 31. Rxd5 h4 32. Qd2 Qxd2 33. R5xd2 Rce8 34. Rd7 R6e7 35. Kg1 Bf6 36. Rxe7 Rxe7 37. Bc4 Re4 38. Bd3 Re8 39. Kf1 Kf8 40. Bc4 Rd8 41. Bd5 a5 42. a4 b6 43. Ke2 Be7 44. Rd3 Bc5 45. f3 Ke7 46. Kd2 f5 47. Kc2 Kf6 48. Kb3 Ke5 49. Kc4 g5 50. b4 axb4 51. cxb4 Bg1 52. Rd1 Be3 53. Re1 Kf4 54. Re2 Bg1 55. Bc6 Rd1 56. Kb5 Rb1 57. Bd7 Rd1 58. Be6 Rd6 59. Bc8 Rd5+ 60. Kc4 Rd4+ 61. Kc3 Rd8 62. Bb7 Rd7 63. Bc6 Rc7 64. b5 Rf7 65. Re6 Kg3 66. Rg6 Be3 67. Bd5 Re7 68. a5 bxa5 69. b6 Bf4 70. b7 Re8 71. Kc4 Kxg2 72. Be6 Kxh3 73. Bc8 Kg3 74. Rxg5+ Kf2 75. Rxf5 Bb8 76. Rf7 Rh8 77. f4 a4 78. Kb4 h3 79. Bxh3 Rxh3 80. Kxa4 Rh8 81. f5 Kf3 82. f6 Ke4 83. Re7+ Kd5 84. f7 Rf8 85. Kb5 Kd6 86. Re8 Rxf7 87. Ka6 Bc7 88. b8=Q 1/2-1/2

[Event "40th Cappelle Open 2024"]
[Site "Cappelle-la-Grande"]
[Date "2024.03.03"]
[Round "2.3"]
[White "Dalaud, Dorian"]
[Black "Sasikiran, Krishnan"]
[Result "0-1"]
[ECO "C84"]
[WhiteElo "2319"]
[BlackElo "2578"]
[Annotator "TA"]
[PlyCount "114"]
[EventDate "2024.03.02"]
[EventType "swiss"]
[EventCountry "FRA"]
[SourceTitle "playchess.com"]
[Source "ChessBase"]
[SourceQuality "1"]
[TimeControl "40/5400+30:1800+30"]

1. e4 e5 2. Nf3 Nc6 3. Bb5 a6 4. Ba4 Nf6 5. O-O Be7 6. d3 b5 7. Bb3 d6 8. a4 b4 9. a5 O-O 10. Nbd2 Rb8 {[%emt 0:06:21] C84: Closed Ruy Lopez: Unusual White 6th moves.} 11. Re1 h6 12. h3 Re8 13. Nc4 Be6 14. c3 bxc3 15. bxc3 Bf8 16. Ba4 Bd7 17. Bc2 $146 ({Predecessor:} 17. Be3 Qc8 18. Nfd2 d5 19. exd5 Nxd5 20. Qf3 Nxe3 21. Rxe3 Re6 22. d4 Rf6 23. Qd1 exd4 24. cxd4 Nxd4 {0-1 Golubev,M (2461)-Estrada Nieto,J (2280) Titled Tuesday intern op 15st Dec blitz 2020 (2)}) 17... g6 18. Bd2 Bg7 19. Ne3 Kh7 20. Bb3 Rf8 21. Nd5 Nxd5 22. exd5 Na7 23. Be3 Nc8 24. Bc4 Ra8 25. d4 e4 26. Nd2 f5 27. f4 (27. Bf4 $11) 27... Ne7 $15 28. Qe2 Qc8 29. Rab1 Be8 30. Nf1 Bf7 31. Qa2 Ng8 (31... c6 $17) 32. Bf2 Nf6 33. Bh4 Rg8 34. Ne3 Nh5 35. Qf2 Bf6 36. Bxf6 Nxf6 37. g4 fxg4 38. hxg4 (38. Qh4 $11 g5 39. fxg5 Rxg5 (39... gxh3 40. Qxh6#) 40. Rf1 gxh3+ 41. Kh2) 38... Nxg4 $17 39. Qh4 $2 (39. Nxg4 $17 Qxg4+ 40. Qg2) 39... Nxe3 (39... g5 $142 40. fxg5 (40. Qxg4 $2 gxf4 41. Rb2 Rxg4+ $19) 40... Rxg5) 40. Rxe3 $19 g5 $1 41. fxg5 Rxg5+ 42. Rg3 Rxg3+ $1 43. Qxg3 {[%emt 0:00:13] [#]} Qd7 $1 44. Kh2 Rg8 45. Qh3 {[%emt 0:03:03] [#]} Qa4 $1 46. Rf1 (46. Bb3 $142 Qxa5 47. Rf1) 46... Qc2+ $19 47. Kh1 Bh5 48. Bxa6 e3 (48... Bf3+ 49. Rxf3 exf3 50. Qxf3 $19) 49. Bc8 (49. Qf5+ $142 Qxf5 50. Rxf5) 49... Qe4+ $2 (49... Qxc3 50. Qxh5 Qd3 51. Bf5+) (49... Bg6 $19 {( -> ...Be4+)} 50. Bg4 Be4+ (50... Qxc3 51. Bf5 $11) 51. Kg1 Bxd5 (51... Bf5 52. Rf4 Rxg4+ 53. Rxg4 Qf2+ 54. Kh1 e2 55. Rg7+ Kxg7 56. Qg2+ Qxg2+ 57. Kxg2 e1=Q 58. Kf3 Be4+ 59. Kf4 Qe2 60. Kg3 Qg2+ 61. Kh4 Bf5 62. Kh5 Qh3#)) 50. Kh2 $11 Qc2+ $2 (50... Qxd5 $2 {loses.} 51. Be6 $18) (50... Kh8 $11 51. Bf5 Qe8 (51... Qxd5 $2 {is the wrong capture.} 52. Be6 $18)) 51. Kh1 Bg6 ({And not} 51... Qxc3 52. Qxh5 Qd3 53. Bf5+) 52. Rf7+ Rg7 $1 53. Rxg7+ Kxg7 54. Qd7+ Bf7 55. Qg4+ Kf8 56. Ba6 Bxd5+ 57. Kg1 Qf2# 0-1

[Event "40th Cappelle Open 2024"]
[Site "Cappelle-la-Grande"]
[Date "2024.03.03"]
[Round "2.4"]
[White "Karthikeyan, P.."]
[Black "Lodici, Lorenzo"]
[Result "1-0"]
[ECO "A46"]
[WhiteElo "2306"]
[BlackElo "2558"]
[Annotator "TA"]
[PlyCount "91"]
[EventDate "2024.03.02"]
[EventType "swiss"]
[EventCountry "FRA"]
[SourceTitle "playchess.com"]
[Source "ChessBase"]
[SourceQuality "1"]
[TimeControl "40/5400+30:1800+30"]

1. d4 Nf6 2. Nf3 e6 3. Bf4 Be7 4. c4 b6 5. Nc3 Bb7 6. Qc2 Bb4 7. e3 c5 (7... d6 $11) 8. dxc5 $14 {[%emt 0:02:18] White is slightly better.} bxc5 9. O-O-O O-O (9... Bxc3 $1 $14 10. Qxc3 O-O) 10. Nb5 $16 d5 (10... Be4 $14 11. Bd3 Bxf3 12. gxf3 Nc6) 11. Nc7 {[%emt 0:02:06] White has more active pieces. The black rooks are passive.} Nbd7 12. Nxa8 Qxa8 13. Ne5 Nb6 14. a3 Ba5 15. f3 dxc4 (15... Nh5 $16) 16. Nxc4 $18 Nxc4 17. Bxc4 (17. Qxc4 Nd5 18. Qa4 (18. Qxc5 $2 Rc8 $19) 18... Bb6) 17... Nd5 18. Rd3 Nxf4 19. exf4 Qb8 20. g3 {[%emt 0:01:33][%cal Of4f5] f5! would now be deadly.} Bd8 21. Qb3 {[%emt 0:08:22] Strongly threatening Rd7.} Bf6 {[%emt 0:04:56] [#]} 22. f5 $1 exf5 23. Re1 $1 $36 {[%emt 0:11:23][%cal Oc4f7][%mdl 2048] Bxf7+! is the strong threat. White is in control.} Qc7 24. Qb5 Bd4 {[%emt 0:01:43] [#]} (24... Bc8 $16 {was necessary.}) 25. Qe8 $3 Be4 26. Bxf7+ Qxf7 27. Qxf7+ Rxf7 28. fxe4 {[%emt 0:00:13][%mdl 4096] Endgame. KRR-KRB} Re7 {[%emt 0:00:02] [#]} 29. e5 $1 {[%emt 0:02:36] Hoping for e6.} Kf7 {[%emt 0:00:00] [#]} 30. e6+ Kf6 31. Rb3 Be5 32. Kc2 Kxe6 (32... Rxe6 $142 33. Rb7 Rb6 34. Rxb6+ (34. Rxa7 Rxb2+ 35. Kd3 Bd4 $14) 34... axb6) 33. Rb8 c4 34. Rc8 Kd5 35. Rd1+ Ke4 36. Rxc4+ Kf3 37. Rc5 {[%emt 0:01:12] And now Re1 would win.} f4 $2 (37... Kf2 38. Rd2+ (38. Rdd5 Bc7 $18) 38... Kf3 39. Rd3+ Ke2) 38. Re1 fxg3 39. hxg3 ({Stronger than} 39. Rexe5 Rxe5 40. Rxe5 gxh2 $11) 39... Bf6 40. Rxe7 Bxe7 {[%emt 0:00:01] KR-KB} 41. Rc7 Bf6 42. Rxa7 {[%emt 0:02:25] White mates.} Kxg3 43. a4 h5 44. a5 h4 45. a6 h3 {[%emt 0:00:00] [#]} 46. Rxg7+ $3 {[%emt 0:00:00][%mdl 512] Weighted Error Value: White=0.06 (flawless) /Black=0.44.  Mistake:       	White=1     	Black=7      Inaccurate:     	---       	Black=1      OK:         	White=16    	Black=6      Best:        	White=2     	Black=3      Strong:       	White=1     	---        Brilliant:      	White=2     	---} 1-0

[Event "40th Cappelle Open 2024"]
[Site "Cappelle-la-Grande"]
[Date "2024.03.03"]
[Round "2.5"]
[White "Can, Emre"]
[Black "Tomaszewski, Kacper"]
[Result "1-0"]
[ECO "B51"]
[WhiteElo "2551"]
[BlackElo "2310"]
[Annotator "TA"]
[PlyCount "63"]
[EventDate "2024.03.02"]
[EventType "swiss"]
[EventCountry "FRA"]
[SourceTitle "playchess.com"]
[Source "ChessBase"]
[SourceQuality "1"]
[TimeControl "40/5400+30:1800+30"]

1. e4 c5 2. Nf3 d6 3. Bb5+ Nd7 4. a4 Qc7 5. O-O Ngf6 6. Re1 g6 7. a5 Bg7 8. Nc3 {[%emt 0:01:34] White is slightly better.} O-O 9. d3 Ne5 10. Nxe5 dxe5 11. a6 b6 12. Bg5 Be6 13. Bc4 Bxc4 14. dxc4 Rad8 15. Qf3 Qc6 (15... Rd7 $14) 16. Nb5 $36 {[%emt 0:09:33][%mdl 2048] White is really pushing. Black is now going downhill.} Rd7 (16... Qa8 $16) 17. Red1 $18 Rfd8 $2 {[%emt 0:32:52] [#]} (17... Rxd1+ 18. Qxd1 (18. Rxd1 h6 $16) 18... Ra8 19. Bxf6 Bxf6) 18. Nxa7 $1 Qa4 (18... Qa8 19. Rxd7) 19. Rdc1 {[%emt 0:00:27] White is clearly winning.} (19. Rxa4 $2 {gets mated.} Rxd1+) 19... Qxa1 20. Rxa1 Rxa7 21. Bxf6 Bxf6 22. g3 Kg7 23. Qb3 Rd6 24. Qb5 Kf8 25. b4 Kg7 26. c3 {[%emt 0:00:23] And now Qe8 would win.} h5 27. Qe8 h4 28. Qb8 Rdd7 29. Qxb6 h3 30. b5 {[%emt 0:00:34][%cal Ob6a7] Strongly threatening Qxa7!} Ra8 31. Qc6 Rad8 {[%emt 0:00:11] [#]} 32. Qxd7 $3 {[%emt 0:00:11][%mdl 512] Weighted Error Value: White=0.14 (very precise) /Black=0.41.  Mistake:       	---       	Black=3      Inaccurate:     	---       	Black=3      OK:         	White=10    	Black=4      Best:        	White=1     	Black=2      Brilliant:      	White=1     	---} 1-0